 Dungeon Crawl Stone Soup version 0.23.1 (webtiles) character file.

Game seed: 2554107882084958408

582 Fang the Skirmisher (level 7, -1/44 HPs)
             Began as a Gargoyle Berserker on Mar 6, 2019.
             Was a Priest of Trog.
             Killed by divine providence
             ... invoked by an orc priest
              (12 damage)
             ... on level 4 of the Dungeon.
             The game lasted 00:03:26 (3020 turns).

Fang the Skirmisher (Gargoyle Berserker)            Turns: 3020, Time: 00:03:27

Health: -1/44      AC: 19    Str: 23    XL:     7   Next: 36%
Magic:  7/7        EV:  8    Int:  7    God:    Trog [***...]
Gold:   207        SH:  0    Dex:  9    Spells: 6/6 levels left

rFire    . . .     SeeInvis .   a - +0 hand axe
rCold    . . .     Gourm    .   (no shield)
rNeg     + . .     Faith    .   i - +0 plate armour (curse)
rPois    ∞         Spirit   .   (no helmet)
rElec    +         Reflect  .   f - +1 cloak
rCorr    .         Harm     .   (no gloves)
MR       .....                  (no boots)
Stlth    ..........             (no amulet)
HPRegen  0.14/turn              (no ring)
MPRegen  0.10/turn              (no ring)

@: berserk cooldown, slowed, very slow
A: negative energy resistance 1, electricity resistance, unbreathing,
petrification resistance, rot immunity, AC +4
a: Berserk, Trog's Hand, Renounce Religion


You were on level 4 of the Dungeon.
You worshipped Trog.
Trog was most pleased with you.
You were very hungry.

You visited 1 branch of the dungeon, and saw 4 of its levels.

You collected 207 gold pieces.

Inventory:

Hand Weapons
 a - a +0 hand axe (weapon)
Armour
 f - a +1 cloak (worn)
 g - a +0 chain mail
 i - a cursed +0 plate armour (worn)
Wands
 l - a wand of acid (9)
 m - a wand of digging (7)
Scrolls
 b - 3 scrolls of enchant weapon {unknown}
 d - 9 scrolls of identify {unknown}
 e - a scroll of magic mapping {unknown}
 k - 5 scrolls of remove curse {unknown}
 n - a scroll of blinking {unknown}
 p - a scroll of fog {unknown}
Potions
 h - 2 potions of curing
 j - 3 potions of brilliance {unknown}
 q - a potion of cancellation {unknown}
Comestibles
 c - 10 rations
 o - 2 chunks of flesh


   Skills:
 + Level 5.3 Fighting
 + Level 4.3 Axes
 + Level 4.6 Armour
 + Level 3.5 Dodging


You had 6 spell levels left.
You didn't know any spells.
Your spell library was empty.

Dungeon Overview and Level Annotations

Branches:
Dungeon (4/15)
 Temple: D:4-7

Altars:
Elyvilon
Gozag
Vehumet
Wu Jian
Zin

Shops:
D:4 =


Innate Abilities, Weirdness & Mutations

You are resistant to torment.
Your stone body is resilient. (AC +4)
You are immune to poison.
You resist negative energy. (rN+)
You are resistant to electric shocks. (rElec)
You can survive without breathing.
You are immune to petrification.
You are immune to rotting.


Message History

The orc priest hits you with a +2 hand axe of distortion.
* * * LOW HITPOINT WARNING * * *
Space bends around you.
* * * LOW HITPOINT WARNING * * *
The orc priest hits you from afar with a +0 trident.
* * * LOW HITPOINT WARNING * * *
The orc hits you but does no damage.
The orc priest hits you but does no damage.
You blink.
Found a leather armour.
You feel better. The orc closely misses you. The orc priest closely misses you.
The orc closely misses you.
The orc priest hits you but does no damage.
The orc priest begins to cast a cantrip, but forgets the words!
The orc barely misses you.
You hear the rapid hiss of a very distant avalanche of sand.
The orc priest invokes the aid of Beogh against you.
Beogh smites you!
You die...

....##.# #.# ....##.###.# ##
.....#.....# .# 8.._.#.....###
.#### ......#......# ##.. ..
....##.....#.#########..# #.
....##.....#.##...[.....# #.
..####...........#####.)###.#
#............^..@o.o.o.....)#####
#..###.###.#.##########...#.†....
#..# #....###.... ##.####### #..#
#####.#..## .# #..# ##...# # #..#
##..# #..#########..#####
#........)..........
#...################


You could see an orc priest and 2 orcs.

Vanquished Creatures
  Edmund (D:4)
  A big kobold (D:4)
  2 scorpions
  An orc priest (D:4)
  A hound (D:4)
  An iguana (D:4)
  An orc wizard (D:4)
  A worker ant (D:4)
  A hound zombie (D:4)
  7 adders
  A worm (D:3)
  4 dart slugs
  6 leopard geckos
  7 orcs
  2 giant cockroaches
  A goblin (D:3)
  5 hobgoblins
  9 jackals
  4 quokkas
  4 bats
  3 frilled lizards
  6 kobolds
  7 rats
  A plant (D:4)
77 creatures vanquished.

Notes
Turn   | Place    | Note
-------+----------+-------------------------------------------
     0 | D:1      | Fang the Gargoyle Berserker began the quest for the Orb.
     0 | D:1      | Reached XP level 1. HP: 14/14 MP: 1/1
   126 | D:1      | Reached XP level 2. HP: 13/19 MP: 2/2
   497 | D:2      | Found a white marble altar of Elyvilon.
   629 | D:2      | Reached XP level 3. HP: 21/24 MP: 3/3
   907 | D:2      | Reached ** piety under Trog
  1507 | D:3      | Reached XP level 4. HP: 26/29 MP: 4/4
  1731 | D:3      | Reached skill level 4 in Fighting
  1920 | D:3      | Reached XP level 5. HP: 30/33 MP: 5/5
  2393 | D:4      | Found an opulent altar of Gozag.
  2393 | D:4      | Found Pimadank's Jewellery Emporium.
  2419 | D:4      | Reached *** piety under Trog
  2526 | D:4      | Noticed a big kobold
  2545 | D:4      | Killed a big kobold
  2545 | D:4      | Reached XP level 6. HP: 34/39 MP: 6/6
  2649 | D:4      | Found a radiant altar of Vehumet.
  2660 | D:4      | Noticed Edmund
  2685 | D:4      | Killed Edmund
  2685 | D:4      | Reached skill level 5 in Fighting
  2745 | D:4      | Found an ornate altar of the Wu Jian Council.
  2758 | D:4      | Reached XP level 7. HP: 29/44 MP: 7/7
  2759 | D:4      | Found a glowing silver altar of Zin.
  3012 | D:4      | HP: 2/44 [orc priest/+0 trident (1)]
  3020 | D:4      | Killed from afar by an orc priest

Skill      XL: |  1  2  3  4  5  6 |
---------------+-------------------+-----
Dodging        | 2 3 |  3.5
Axes           | 3 4 |  4.3
Armour         | 3 4 |  4.6
Fighting       | 4 5 |  5.3

Action                   |  1- 3 |  4- 6 |  7- 9 || total
-------------------------+-------+-------+-------++-------
Melee: Hand axe          |   167 |   165 |    92 ||   424
Invok: Berserk           |       |     1 |     1 ||     2
  Use: Potion            |       |       |     1 ||     1
  Eat: Chunk             |     2 |     5 |     1 ||     8
Armor: Animal skin       |     8 |       |       ||     8
       Chain mail        |    26 |       |       ||    26
       Plate armour      |   120 |   136 |    34 ||   290
Dodge: Dodged            |    75 |    55 |    27 ||   157
